 Dungeon Crawl Stone Soup version 0.27-a0-1502-g47ed6a6988 (webtiles) character file.

Game seed: 2413484286945409138

3017 wakim the Geomancer (level 9, -3/45 HPs)
             Began as a Gargoyle Earth Elementalist on July 9, 2021.
             Was a Follower of Vehumet.
             Splashed by an acid dragon's acid (19 damage)
             ... on level 9 of the Dungeon.
             The game lasted 00:21:49 (11161 turns).

wakim the Geomancer (Gargoyle Earth Elementalist)  Turns: 11161, Time: 00:21:50

Health: -3/45      AC:  6    Str: 13    XL:     9   Next: 85%
Magic:  1/15       EV: 18    Int: 18    God:    Vehumet [*.....]
Gold:   167        SH:  0    Dex: 10    Spells: 10/16 levels left

rFire    . . .     SeeInvis .   a - +7 dagger "Ogre's Nightmare" {elec, +Rage rPois Stlth+}
rCold    . . .     Faith    .   (no shield)
rNeg     + . .     Spirit   .   o - +2 robe {Will+}
rPois    ∞         Reflect  .   p - +0 helmet
rElec    +         Harm     .   g - +0 cloak
rCorr    .         Rampage  .   (no gloves)
Will     +....                  e - +1 pair of boots
Stlth    +++.......             (no amulet)
HPRegen  0.15/turn              h - +4 ring of evasion
MPRegen  0.14/turn              (no ring)

@: corroded
A: sickness immunity, AC +6, negative energy resistance 1, electricity
resistance, torment resistance 1, petrification resistance
a: Renounce Religion, Evoke Berserk Rage


You were on level 9 of the Dungeon.
You worshipped Vehumet.
Vehumet was aware of your devotion.
You visited 2 branches of the dungeon, and saw 10 of its levels.

You collected 414 gold pieces.
You spent 247 gold pieces at shops.

Inventory:

Hand Weapons
 a - the +7 dagger "Ogre's Nightmare" (weapon) {elec, +Rage rPois Stlth+}
   (You found it on level 4 of the Dungeon)

   Occasionally, upon striking a foe, it can discharge electrical energy and
   cause terrible harm.
   rPois:     It protects you from poison.
   +Rage:     It lets you go berserk.
   Stlth:     It makes you more stealthy.
 n - the +7 great sword of Inflation {pain, *Slow rElec Will++ Str+3}
   (You took it off an orc on level 7 of the Dungeon)

   In the hands of one skilled in necromantic magic, it inflicts extra damage on
   living creatures.
   Str:       It affects your strength (+3).
   rElec:     It insulates you from electricity.
   *Slow:     It may slow you when you take damage.
   Will:      It greatly increases your willpower.
Missiles
 m - 2 atropa-tipped darts
 s - 196 stones
Armour
 e - a +1 pair of boots (worn)
 g - a +0 cloak (worn)
 l - a +2 leather armour of cold resistance
 o - a +2 robe of willpower (worn)
 p - a +0 helmet (worn)
 q - a +0 kite shield
Magical Staves
 f - a staff of poison
Jewellery
 h - a +4 ring of evasion (left hand)
Scrolls
 c - 2 scrolls of amnesia
 i - a scroll of brand weapon
 j - a scroll of enchant weapon
 t - a scroll of torment {unknown}
 T - 2 scrolls of teleportation
 V - a scroll of vulnerability {!r!r}
Potions
 b - a potion of invisibility {unknown}
 d - a potion of ambrosia {unknown}
 D - 3 potions of brilliance
 F - 4 potions of curing
 J - 4 potions of heal wounds
 K - a potion of magic
 L - a potion of lignification {!q}


   Skills:
 - Level 4.0 Short Blades
 + Level 7.9 Dodging
 - Level 2.1 Stealth
 - Level 4.0 Spellcasting
 - Level 5.0 Conjurations
 - Level 0.7 Transmutations
 - Level 8.0 Earth Magic


You had 10 spell levels left.
You knew the following spells:

 Your Spells              Type           Power      Damage    Failure   Level
a - Sandblast             Erth           64%        2d14      1%          1
s - Searing Ray           Conj           42%        3d4       2%          2
x - Stone Arrow           Conj/Erth      54%        3d10      3%          3

Your spell library contained the following spells:

 Spells                   Type           Power      Damage    Failure   Level
 Shock                    Conj/Air       48%        1d6       5%          1
 Magic Dart               Conj           84%        1d7       1%          1
 Passwall                 Tmut/Erth      15%        N/A       3%          2
 Animate Skeleton         Necr           6%         N/A       14%         1
 Pain                     Necr           12%        1d4       14%         1
 Petrify                  Tmut/Erth      19%        N/A       24%         4
 Vampiric Draining        Necr           1%         2d6       41%         3
 Fulminant Prism          Conj/Hex       6%         3d7       45%         4


Dungeon Overview and Level Annotations

Branches:
Dungeon (9/15)             Temple (1/1) D:4
   Lair: D:8-11         Orc: D:9-12

Altars:
Ashenzari
Cheibriados
Elyvilon
Fedhas
Gozag
Kikubaaqudgha
Makhleb
Okawaru
Qazlal
Ru
Sif Muna
Trog
Uskayaw
Vehumet
Wu Jian
Xom
Yredelemnul
Zin
The Shining One
Lugonu

Shops:
D:7 [

Annotations:
D:9 Gastronok


Innate Abilities, Weirdness & Mutations

You are immune to sickness and miasma.
Your stone body is resilient. (AC +6)
You are immune to poison.
You resist negative energy. (rN+)
You are resistant to electric shocks. (rElec)
You are resistant to unholy torment.
You are immune to petrification.


Message History

You destroy the vampire!
Vehumet accepts your kill.
You feel your power returning.
Magic restored.
Found a scroll of teleportation.
r - a scroll of identify
T - 2 scrolls of teleportation (gained 1)
t - a scroll labelled HITYSYT RITA
As you read the scroll of identify, it crumbles to dust.
k - 2 potions of attraction;
B - 2 potions of attraction Drop what? 26/52 slots (_ for help) (? for menu, Esc to quit)
You drop 2 potions of attraction {!q}.
You open the door.
An acid dragon and a wight come into view.
You close the door.
A wight opens the door.
The stone arrow hits the wight!
You destroy the wight!
Vehumet accepts your kill.
You hear a roar!
The stone arrow hits the acid dragon.
The acid dragon is moderately wounded.
The acid dragon roars!
You hear a roar!
The acid dragon spits acid at you. The splash of acid hits you.
The acid corrodes you!
You are splashed with acid!
You hear a roar!
You hear an angry buzzing noise.
You hear a shout!
The stone arrow hits the acid dragon!
The acid dragon is almost dead.
You hear an angry buzzing noise.
The stone arrow misses the acid dragon.
The acid dragon completely misses you. The acid dragon closely misses you.
The stone arrow hits the acid dragon!!
You kill the acid dragon!
Vehumet accepts your kill.
An acid dragon comes into view.
The acid dragon spits acid at you. The splash of acid hits you!
* * * LOW HITPOINT WARNING * * *
The acid corrodes you!
You are splashed with acid!!
You die...

##....#.......#
#..!..#.#####.# ##
#.....#.....#.# # .
#...(.......#.# +..#
#..#..#.###...# #.#.
#..#..#.# #.#.# ...
#..#..#.###.#..
####D###..#........?..
#....@....##.....#.#.#
#..........##..........
#....#########.#...#.#.#
.... #.#...#.#.# ...
#.......#.# #.
###.#.##### # #...#
#####.#.# #.....#.#


You could see an acid dragon (catching breath).

Vanquished Creatures
  Sigmund (D:3)
  A vampire (D:9)
  Menkaure (D:5)
  An acid dragon (D:9)
  A water moccasin (D:5)
  4 orc warriors
  3 centaurs
  A phantom (D:4)
  3 kobold brigands (D:7)
  4 bullfrogs
  A gnoll sergeant (D:8)
  2 scorpions
  A water moccasin zombie (D:6)
  A wight (D:9)
  A centaur zombie (D:5)
  2 hounds
  A jelly (D:4)
  A bullfrog skeleton (D:6)
  4 orc priests
  A centaur skeleton (D:7)
  7 iguanas
  Ijyb (D:5)
  Natasha (thrice) (D:2)
  2 orc wizards
  2 hound zombies (D:5)
  A hound skeleton (D:5)
  A howler monkey zombie (D:9)
  6 gnolls
  A howler monkey skeleton (D:6)
  7 adders
  A shadow imp (D:7)
  A white imp (D:5)
  2 ufetubi
  A worm (D:2)
  3 dart slugs
  28 orcs
  9 endoplasms
  3 giant cockroaches
  10 goblins
  4 hobgoblins
  7 jackals
  3 quokkas
  3 ball pythons
  A ball python zombie (D:3)
  A bat (D:3)
  4 frilled lizards (D:1)
  A jackal zombie (D:3)
  19 kobolds
  7 rats
174 creatures vanquished.

Vanquished Creatures (others)
  8 fungi (D:7)
  2 plants (D:7)
10 creatures vanquished.

Grand Total: 184 creatures vanquished

Notes
Turn   | Place    | Note
-------+----------+-------------------------------------------
     0 | D:1      | wakim the Gargoyle Earth Elementalist began the quest for
                  | the Orb.
     0 | D:1      | Reached XP level 1. HP: 10/10 MP: 3/3
   308 | D:1      | Reached XP level 2. HP: 3/15 MP: 1/5
   553 | D:1      | Reached skill level 4 in Earth Magic
  1545 | D:2      | Noticed Natasha
  1605 | D:2      | Found a bloodstained altar of Trog.
  1619 | D:2      | Reached XP level 3. HP: 15/19 MP: 6/6
  2548 | D:2      | Found a faded altar of an unknown god.
  2575 | D:2      | Killed Natasha
  2576 | D:2      | Reached skill level 5 in Earth Magic
  2576 | D:2      | Reached XP level 4. HP: 24/24 MP: 4/7
  2580 | D:2      | Learned a level 3 spell: Stone Arrow
  2676 | D:2      | Noticed Natasha
  2681 | D:2      | Killed Natasha
  2765 | D:2      | Noticed Natasha
  2769 | D:2      | Killed Natasha
  2770 | D:2      | Reached skill level 1 in Conjurations
  2770 | D:2      | Reached XP level 5. HP: 22/28 MP: 4/8
  3099 | D:3      | Reached XP level 6. HP: 17/32 MP: 6/9
  4063 | D:3      | Found a basalt altar of Yredelemnul.
  4250 | D:3      | Found an iron altar of Okawaru.
  4573 | D:3      | Noticed Sigmund
  4576 | D:3      | Killed Sigmund
  4577 | D:3      | Reached XP level 7. HP: 36/36 MP: 4/11
  4958 | D:4      | Identified the +7 dagger "Ogre's Nightmare" {elec, +Rage
                  | rPois Stlth+}
  5419 | D:4      | Found a burning altar of Makhleb.
  5581 | D:4      | Found a glowing golden altar of the Shining One.
  5617 | D:4      | Found a staircase to the Ecumenical Temple.
  5632 | Temple   | Entered the Ecumenical Temple
  5748 | D:5      | Entered Level 5 of the Dungeon
  5776 | D:5      | Reached skill level 5 in Conjurations
  5780 | D:5      | Reached skill level 5 in Dodging
  5959 | D:5      | Noticed Menkaure
  5965 | D:5      | Killed Menkaure
  5966 | D:5      | Reached skill level 1 in Short Blades
  5966 | D:5      | Reached XP level 8. HP: 41/41 MP: 2/12
  6057 | D:5      | Found a stormy altar of Qazlal.
  6062 | D:5      | Noticed Ijyb
  6078 | D:5      | Killed Ijyb
  6494 | D:5      | Learned a level 2 spell: Searing Ray
  7200 | D:6      | Found an ancient bone altar of Kikubaaqudgha.
  8235 | D:7      | Found a glowing silver altar of Zin.
  8274 | D:7      | Reached skill level 6 in Earth Magic
  8319 | D:7      | Reached XP level 9. HP: 36/45 MP: 2/14
  8414 | D:7      | Found a sacrificial altar of Ru.
  8442 | D:7      | Found a radiant altar of Vehumet.
  8448 | D:7      | Became a worshipper of Vehumet
  8973 | D:7      | Identified the +7 great sword of Inflation {pain, *Slow
                  | rElec Will++ Str+3}
  9046 | D:7      | Reached skill level 7 in Earth Magic
  9046 | D:7      | Found Kiakoy Safea's Armour Shop.
  9127 | D:7      | Bought a +2 robe of willpower for 247 gold pieces
  9138 | D:7      | Found a blossoming altar of Fedhas.
  9297 | D:7      | Reached * piety under Vehumet
  9297 | D:7      | Offered knowledge of Shock by Vehumet.
 10188 | D:8      | Reached skill level 8 in Earth Magic
 10370 | D:8      | Found a shimmering altar of Xom.
 10391 | D:8      | Found a broken altar of Ashenzari.
 10884 | D:9      | Found a snail-covered altar of Cheibriados.
 10919 | D:9      | Noticed Gastronok
 11161 | D:9      | Splashed by an acid dragon's acid

Illustrated notes

Levels and vault maps discovered:
D:1:      kilobyte_arrival_exit_the_forest, layout_basic,
          kennysheep_decorative_pillar, chequers_hall_statues_y, minmay_3d_cube
D:2:      layout_rooms, hellmonk_ecumenical_altar_arch_garden,
          minmay_hexomino_r4, uniq_natasha
D:3:      layout_loops_corners, lemuel_zombie_altar_yredelemnul,
          kennysheep_okawaru_gauntlet, uniq_sigmund
D:4:      layout_loops_ring, tso_oasis_becter, marbit_many_paths, temple_green,
          kennysheep_nondescript
D:5:      layout_cave_pools, grunt_qazlal_sundering, kennysheep_generic_room_4,
          uniq_ijyb, uniq_menkaure
D:6:      layout_basic, mainiacjoe_overflow_paths, serial_bayou_pond_d,
          minivault_25
D:7:      layout_basic, lemuel_round_altar, mainiacjoe_overflow_surrounded_room,
          fedhas_altar_3, mainiacjoe_overflow_24_doors, nicolae_stop_n_shop_1
D:8:      layout_cave_pools, xom_butterflies, amcnicky_altar_gilded
D:9:      minmay_the_grid_octo_tiled_squarecenter [minmay_the_grid_octo_toaster,
          minmay_the_grid_octo_checkered, minmay_the_grid_octo_vomiting_pacman,
          minmay_the_grid_octo_clover,
          minmay_the_grid_square_5x5_megaprize_crossed,
          minmay_the_grid_square_5x5_six, minmay_the_grid_square_5x5_inset,
          minmay_the_grid_square_5x5_broken_cross,
          minmay_the_grid_square_5x5_hollow_slash], layout_basic,
          kennysheep_slug_shrine, kennysheep_orc_monster_closet_entryway,
          uniq_prince_ribbit1, uniq_gastronok
Temple:   corrupted_temple

Skill      XL: |  1  2  3  4  5  6  7  8  9 |
---------------+----------------------------+-----
Earth Magic    | 4 5 6 8 |  8.0
Dodging        | 2 3 4 5 6 7 |  7.9
Conjurations   | 1 2 3 5 |  5.0
Spellcasting   | 3 4 |  4.0
Short Blades   | 1 4 |  4.0
Stealth        | |  2.1
Transmutations | |  0.7

Action                   |  1- 3 |  4- 6 |  7- 9 || total
-------------------------+-------+-------+-------++-------
Melee: Dagger            |   126 |   138 |   135 ||   399
       Short sword       |       |    11 |       ||    11
 Cast: Sandblast         |    19 |    34 |    11 ||    64
       Stone Arrow       |       |     5 |    53 ||    58
       Searing Ray       |       |       |    14 ||    14
  Use: Scroll            |     7 |     2 |     7 ||    16
 Stab: Sleeping          |     1 |     2 |    10 ||    13
Armor: Robe              |    33 |    45 |    26 ||   104
       Leather armour    |       |       |    10 ||    10
Dodge: Dodged            |    81 |   119 |   122 ||   322

Table legend: (Time is in decaauts)
 A = Elapsed time spent in this place.
 B = Non-inter-level travel time spent in this place.
 C = Inter-level travel time spent in this place.
 D = Time resting spent in this place.
 E = Time spent auto-exploring this place.
 F = Levels seen in this place.
 G = Mean time per level.
                   A        B        C        D        E       F      G
               +--------+--------+--------+--------+--------+-----+--------+
         Total |  11153 |  10812 |    341 |    529 |   8618 |  10 | 1115.3 |
       Dungeon |  11103 |  10777 |    326 |    529 |   8584 |   9 | 1233.7 |
        Temple |     50 |     35 |     15 |      0 |     33 |   1 |   50.0 |
               +--------+--------+--------+--------+--------+-----+--------+

Top non-repeatable levels by time:
     D:7: 2128 daAuts
     D:3: 1773 daAuts
     D:1: 1712 daAuts
     D:6: 1360 daAuts
     D:2: 1313 daAuts
     D:4: 904 daAuts
     D:5: 837 daAuts
     D:8: 680 daAuts
     D:9: 391 daAuts
  Temple: 50 daAuts
